 Dungeon Crawl Stone Soup version 0.21-a0-509-gecc5317402 (webtiles) character file.

148 Kaname the Conjurer (level 5, 35/35 HPs)
             Began as a Demonspawn Wizard on Nov 29, 2017.
             Quit the game on level 2 of the Dungeon.
             The game lasted 00:03:48 (1556 turns).

Kaname the Conjurer (Demonspawn Wizard)             Turns: 1556, Time: 00:03:48

Health: 35/35      AC:  2    Str:  8    XL:     5   Next: 8%
Magic:  1/9        EV: 12    Int: 20    God:
Gold:   82         SH:  0    Dex: 11    Spells: 4/10 levels left

rFire    . . .     SeeInvis .   j - +0 spear
rCold    . . .     Gourm    .   (no shield)
rNeg     . . .     Faith    .   a - +0 robe
rPois    .         Spirit   .   b - +0 hat
rElec    .         Reflect  .   (no cloak)
rCorr    .         Harm     .   (no gloves)
MR       .....                  (no boots)
Stlth    ++........             (no amulet)
HPRegen  0.11/turn              (no ring)
MPRegen  0.11/turn              (no ring)

@: very slightly contaminated
A: antennae 2, sanguine armour 1
a: no special abilities


You were on level 2 of the Dungeon.
You were not hungry.

You visited 1 branch of the dungeon, and saw 2 of its levels.

You collected 82 gold pieces.

Inventory:

Hand Weapons
 j - a +0 spear (weapon)
Armour
 a - a +0 robe (worn)
 b - a +0 hat (worn)
Jewellery
 f - a cursed amulet of inaccuracy {unknown}
Scrolls
 g - a scroll of enchant weapon {unknown}
 i - a scroll of remove curse {unknown}
 l - a scroll of random uselessness {unknown}
Potions
 e - 2 potions of haste {unknown}
 h - a potion of berserk rage {unknown}
 k - a potion of resistance {unknown}
 n - a potion of agility {unknown}
 o - 2 potions of mutation {unknown}
Books
 c - a book of Minor Magic

   Spells                             Type                      Level
   a - Magic Dart                     Conjuration                  1
   b - Blink                          Translocation                2
   c - Call Imp                       Summoning                    2
   d - Slow                           Hexes                        2
   e - Conjure Flame                  Conjuration/Fire             3
   f - Mephitic Cloud                 Conjuration/Poison/Air       3
Comestibles
 d - a bread ration
 m - 2 chunks of flesh
 p - a meat ration


   Skills:
 - Level 1.7 Dodging
 - Level 1.7 Stealth
 - Level 3.0 Spellcasting
 + Level 4.5 Conjurations
   Level 1.0 Summonings
 - Level 1.0 Translocations
 - Level 1.0 Air Magic
 - Level 1.0 Poison Magic


You had 4 spell levels left.
You knew the following spells:

 Your Spells              Type           Power        Failure   Level  Hunger
a - Magic Dart            Conj           ###.         2%          1    None
b - Blink                 Tloc           N/A          14%         2    ##.....
c - Mephitic Cloud        Conj/Pois/Air  ##......     17%         3    ###....


Dungeon Overview and Level Annotations

Branches:
Dungeon (2/15)

Altars:
Xom


Innate Abilities, Weirdness & Mutations

You have a pair of antennae on your head.
When seriously injured, your bleeding wounds create armour. (AC +0)


Message History

Confirm with . or Enter, or press ? or * to list all spells.
Aiming: Magic Dart
Press: ? - help, Shift-Dir - straight line, f/p - ogre
Aim: an ogre, wielding a giant club (severely wounded)
The magic dart hits the ogre.
The ogre is almost dead.
Casting: Magic Dart
Confirm with . or Enter, or press ? or * to list all spells.
Aiming: Magic Dart
Press: ? - help, Shift-Dir - straight line, f/p - ogre
Aim: an ogre, wielding a giant club (almost dead)
The magic dart hits the ogre.
You kill the ogre!
Your Conjurations skill increases to level 4!
You have reached level 4!
You feel stronger.
You have reached level 5!
Your demonic ancestry asserts itself...
You feel your blood ready itself to protect you.
Are you sure you want to abandon this character and quit the game? (Confirm with "yes".)

#......#
.##......##########
>..................
#......#######...
#....[.#######...
############............
.......†......########...
#...#...#...#.# #...
......).@.....# #...
#..)#...#...### ####
.............#
#############


There were no monsters in sight!

Vanquished Creatures
  An ogre (D:2)
  2 adders (D:2)
  An ooze (D:1)
  A worm (D:2)
  A dart slug (D:2)
  2 leopard geckos
  A giant cockroach (D:1)
  11 goblins
  3 hobgoblins
  2 ball pythons (D:2)
  7 bats
  A frilled lizard (D:2)
  A kobold (D:2)
  4 rats
38 creatures vanquished.

Notes
Turn   | Place    | Note
-------+----------+-------------------------------------------
     0 | D:1      | Kaname the Demonspawn Wizard began the quest for the Orb.
     0 | D:1      | Reached XP level 1. HP: 13/13 MP: 4/4
   461 | D:1      | Reached skill level 2 in Conjurations
   470 | D:1      | Gained mutation: You have a pair of small antennae on your head. [demonic ancestry]
   470 | D:1      | Reached XP level 2. HP: 9/19 MP: 0/6
   650 | D:1      | Learned a level 2 spell: Blink
  1180 | D:2      | Found a shimmering altar of Xom.
  1186 | D:2      | Reached skill level 3 in Conjurations
  1186 | D:2      | Gained mutation: You have a pair of antennae on your head. [demonic ancestry]
  1186 | D:2      | Reached XP level 3. HP: 23/24 MP: 7/7
  1199 | D:2      | Learned a level 3 spell: Mephitic Cloud
  1230 | D:2      | Reached skill level 1 in Translocations
  1257 | D:2      | Reached skill level 1 in Air Magic
  1463 | D:2      | Reached skill level 1 in Poison Magic
  1475 | D:2      | Noticed an ogre
  1555 | D:2      | Killed an ogre
  1555 | D:2      | Reached skill level 4 in Conjurations
  1555 | D:2      | Reached XP level 4. HP: 30/30 MP: 1/8
  1555 | D:2      | Gained mutation: When seriously injured, your bleeding wounds create armour. (AC +0) [demonic ancestry]
  1555 | D:2      | Reached XP level 5. HP: 35/35 MP: 1/9
  1556 | D:2      | Quit the game

Vault maps used:
D:1:      dpeg_arrival_erosion
D:2:      lemuel_coloured_pillars_altar, lemuel_doored_altar

Skill      XL: |  1  2  3 |
---------------+----------+-----
Conjurations   | 2 3 4 |  4.5
Translocations | 1 |  1.0
Air Magic      | 1 |  1.0
Poison Magic   | 1 |  1.0
Dodging        | |  1.7
Stealth        | |  1.7
Spellcasting   | |  3.0
Summonings     | |  1.0

Action                   |  1- 3 |  4- 6 || total
-------------------------+-------+-------++-------
Melee: Unarmed           |    48 |       ||    48
       Spear             |    33 |       ||    33
 Cast: Magic Dart        |    66 |     1 ||    67
 Stab: Sleeping          |     4 |       ||     4
  Eat: Chunk             |     2 |       ||     2
Armor: Robe              |    18 |       ||    18
Dodge: Dodged            |    79 |       ||    79

Table legend:
 A = Spawn XP
 B = Non-spawn XP
 C = Spawn XP percentage of total XP
 D = Spawn monster count
 E = Non-spawn monster count
 F = Spawn count percentage of total count
 G = Total turns spent on level
                    A         B        C        D         E        F      G
               +---------+---------+-------+---------+---------+-------+---------
         Total |       0 |     212 |   0.0 |       0 |      38 |   0.0 |  1556
               +---------+---------+-------+---------+---------+-------+---------
           D:1 |       0 |      33 |   0.0 |       0 |      17 |   0.0 |  1161
           D:2 |       0 |     179 |   0.0 |       0 |      21 |   0.0 |   395
               +---------+---------+-------+---------+---------+-------+---------
